Unix NetHack Version 5.0.0-0 post-release - last build May 30 2026 05:04:26 (55804bc15828dd6e32e9076e0726aa6fccb6e981,branch:main).

Game began 2026-05-30 18:36:32, ended 2026-05-30 19:20:28.

Eymerich, chaotic male elven Priest

                                    ---
                                    ..---
                                    ....|
                          --        ....--
                 --       -.---    -.....--      ---
                 |*        ...---   ......--     |.
                 |.         ....----.......--    |.|
                 |.---      -......|........--   |.|
                --...|      |................|   |<|
               --....--------............-- - ----.|
          |  ---........................--    #....|
        ---.........@h))#-......0.......|     |.----
        -.................G...........---     |.|
     |.............--------......|..----    --|.--
     ---...........       |.....-|.....------.|..--
      |...........        ---..-------............|
      --..........          ----     --..---.....--
       ---.--.|.--                    ---- ----.--
         -- ----                              ---
Eymerich the Acolyte         St:10 Dx:14 Co:13 In:12 Wi:19 Ch:9  Chaotic
Dlvl:4  $:18 HP:0(31) Pw:46(46) AC:7  Xp:5 T:2739  Satiated Burdened

Latest messages:
 The gnome hits!
 The gnome hits!
 You kill the gnome!
 The gnome picks up a cram ration.
 You hit the gnome.
 You kill the gnome!
 There is a gnome lord corpse here; eat it? [ynq] (n)
 This gnome lord corpse is fatty.
 You stop eating the gnome lord corpse.
 There is a partly eaten gnome lord corpse here; eat it? [ynq] (n)
 You consume the last bite of your meal.
 You finish eating the gnome lord corpse.
 There is a cram ration here; eat it? [ynq] (n)
 This cram ration is bland.
 You stop eating the cram ration.
 The gnome hits!
 You kill the gnome!
 You have a little trouble lifting v - a partly eaten cram ration.
 There is a gnome corpse here; eat it? [ynq] (n)
 This gnome corpse is stringy.
 You see a candle's flame flicker low!
 You finish eating the gnome corpse.
 You have a little trouble lifting w - a partly used candle (lit).
 Your candle is consumed!
 Its flame dies.
 What do you want to drop? [$a-km-vzB-DFNPR-UXY or ?*]
 You drop a crossbow.
 What do you want to drop? [$a-gi-km-vzB-DFNPR-UXY or ?*]
 You drop 6 cursed crossbow bolts.
 You climb up the stairs.
 In what direction?
 The dart misses the dwarf lord.
 In what direction?
 The dart hits the dwarf lord.
 In what direction?
 The dart hits the dwarf lord.
 In what direction?
 The dart hits the dwarf lord.
 You miss the dwarf lord.
 You miss the dwarf lord.
 The dwarf lord swings his pick-axe.
 The dwarf lord hits!
 The dwarf lord swings his pick-axe.
 The dwarf lord hits again!
 The dwarf lord swings his pick-axe.
 The dwarf lord hits!
 The dwarf lord swings his pick-axe.
 The dwarf lord hits again!
 You die...
 Do you want your possessions identified? [ynq] (y)

Inventory:
 Coins    ('$')
  $ - 18 gold pieces
 Weapons  (')')
  P - 8 +0 ya
  R - 6 +0 darts (at the ready)
  a - a blessed greased +1 mace (weapon in left hand)
 Armor    ('[')
  X - a +0 orcish helm (being worn)
  p - a blessed +1 dwarvish cloak
  b - a +0 robe
  T - a blessed +0 leather armor (being worn)
 Comestibles  ('%')
  e - a clove of garlic
  v - a partly eaten cram ration
  U - a cream pie
  j - 5 food rations
  f - a sprig of wolfsbane
  S - 2 tripe rations
  k - a lichen corpse
 Scrolls  ('?')
  r - a scroll of identify
  Y - a scroll of light
  n - a scroll of remove curse
 Spellbooks  ('+')
  m - a spellbook of cure sickness
 Potions  ('!')
  z - a potion of gain energy
  B - a potion of healing
  d - 4 potions of holy water
 Wands    ('/')
  C - a wand of sleep (0:4)
 Tools    ('(')
  s - a blindfold
  N - a can of grease (0:16)
  u - a +0 pick-axe
  t - a skeleton key
 Gems/Stones  ('*')
  i - an amethyst stone named soft
  F - an aquamarine stone named hard
  D - a fluorite stone named soft
  q - a jasper stone named soft
  c - a worthless piece of orange glass named soft
  o - a worthless piece of violet glass named soft

Eymerich the Priest's attributes:

Background:
 You were an Acolyte, a level 5 elven Priest.
 You were chaotic, nominally on a mission for Anshar
 who was opposed by Anu (lawful) and Ishtar (neutral).
 You were left-handed.
 You were in the Gnomish Mines, on level 4.
 You entered the dungeon 2739 turns ago.
 You had 197 experience points, 123 more were needed to attain level 6.

Basics:
 You had 0 out of 31 hit points.
 You had all 46 energy points (spell power).
 Your armor class was 7.
 Your wallet contained 18 zorkmids.
 Autopickup was off.

Final Characteristics:
 Your strength was 10 (limit:18).
 Your dexterity was 14 (limit:18).
 Your constitution was 13 (limit:16).
 Your intelligence was 12 (limit:20).
 Your wisdom was 19 (limit:20).
 Your charisma was 9 (limit:18).

Final Status:
 You were satiated.
 You were burdened; movement was slightly slowed.
 You were wielding a mace.
 You had basic skill with mace.

Final Attributes:
 You were piously aligned.
 You were sleep resistant.
 You had infravision.
 You were warded.
 You are dead.

Miscellaneous:
 You didn't encounter any bones levels.
 Total elapsed playing time was 43 minutes and 56 seconds.

Major events:
 Turn
    1: Eymerich the chaotic elven Priest entered the dungeon
 1541: attained the rank of Acolyte (level 3)
 1937: entered the Gnomish Mines
 2739: killed by a dwarf lord

Spells:
 Name                 Level Category     Fail Retention
 detect monsters        1   divination     3%  76%-100%
 detect unseen          3   divination    92%  76%-100%

Skills:
 Fighting Skills
   bare handed combat [Unskilled]
 Weapon Skills
   club               [Unskilled]
   mace               [Basic]
   morning star       [Unskilled]
   flail              [Unskilled]
   hammer             [Unskilled]
   quarterstaff       [Unskilled]
   polearms           [Unskilled]
   spear              [Unskilled]
   trident            [Unskilled]
   lance              [Unskilled]
   bow                [Unskilled]
   sling              [Unskilled]
   crossbow           [Unskilled]
   dart               [Unskilled]
   shuriken           [Unskilled]
   boomerang          [Unskilled]
   unicorn horn       [Unskilled]
 Spellcasting Skills
   healing spells     [Unskilled]
   divination spells  [Unskilled]
   clerical spells    [Basic]

Voluntary challenges:
 Character rerolling was not enabled.
 You were an atheist.
 You never genocided any monsters.
 You never polymorphed an object.
 You never changed form.
 You used no wishes.
Achievements:
 You entered a shop.
 You attained the rank of Acolyte.
 You entered the Gnomish Mines.

 The Dungeons of Doom: levels 1 to 3
    Level 1:
       Some fountains.
    Level 2:
       A general store, some graves.
    Level 3: "vault, box 4 items"
       Stairs down to The Gnomish Mines.
 The Gnomish Mines: levels 4 to 5
    Level 4: <- You were here.
       Final resting place for
          you, killed by a dwarf lord.
    Level 5:


Vanquished creatures:
  3 gnome leaders
  a little dog
  a floating eye
  2 dwarves
  a gas spore
  a hobgoblin
  a green mold
 14 gnomes
  2 geckos
  3 jackals
  a kobold
  2 goblins
  a sewer rat
  2 grid bugs
  3 lichens
  9 newts
47 creatures vanquished.

No species were genocided or became extinct.

Game over:
                       ----------
                      /          \
                     /    REST    \
                    /      IN      \
                   /     PEACE      \
                  /                  \
                  |     Eymerich     |
                  |      18 Au       |
                  |   killed by a    |
                  |    dwarf lord    |
                  |                  |
                  |                  |
                  |       2026       |
                 *|     *  *  *      | *
        _________)/\\_//(\/(/\)/\//\/|_)_______

Goodbye Eymerich the Priest...

You died in The Gnomish Mines on dungeon level 4 with 1015 points,
and 18 pieces of gold, after 2739 moves.
You were level 5 with a maximum of 31 hit points when you died.

